 Dungeon Crawl Stone Soup version 0.25-a0-635-g0c6c292ef3 (webtiles) character file.

Game seed: 13624315058444541729, levelgen mode: deterministic

4283 kae the Grappler (level 10, -2/71 HPs)
             Began as a Grey Draconian Transmuter on Mar 20, 2020.
             Slain by an unseen horror (9 damage)
             ... on level 9 of the Dungeon.
             The game lasted 00:12:28 (10509 turns).

kae the Grappler (Grey Draconian Transmuter)       Turns: 10509, Time: 00:12:29

Health: -2/71      AC:  2    Str: 12    XL:     10   Next: 10%
Magic:  12/14      EV: 19    Int: 18    God:
Gold:   133        SH:  0    Dex: 16    Spells: 1/15 levels left

rFire    . . .     SeeInvis .     - Unarmed
rCold    . . .     Gourm    .   (shield currently unavailable)
rNeg     . . .     Faith    .   (armour unavailable)
rPois    .         Spirit   .   (helmet currently unavailable)
rElec    .         Reflect  .   (cloak currently unavailable)
rCorr    .         Harm     .   (gloves currently unavailable)
MR       .....                  (boots currently unavailable)
Stlth    ++........             (no amulet)
HPRegen  0.21/turn              x - ring of stealth
MPRegen  0.14/turn              f - ring of poison resistance

@: about to teleport, spider-form
A: tiny, (walk through water), unfitting armour, AC +12
a: End Transformation


You were on level 9 of the Dungeon.
You were not hungry.
You were a venomous arachnid creature.
You visited 1 branch of the dungeon, and saw 9 of its levels.

You collected 506 gold pieces.
You spent 373 gold pieces at shops.

Inventory:

Missiles
 a - 205 arrows
Armour
 i - a +1 pair of gloves
 p - a scarf of cloud immunity (melded)
 H - a +0 pair of gloves of dexterity (melded)
Jewellery
 f - a ring of poison resistance (right front leg)
 k - an uncursed ring of flight
 m - an uncursed amulet of faith
 x - a ring of stealth (left front leg)
Wands
 t - a wand of polymorph (9)
 y - a wand of random effects (15)
 B - a wand of paralysis (10)
 D - a wand of iceblast (12)
Scrolls
 d - 4 scrolls of teleportation
 l - a scroll of enchant weapon
 n - 2 scrolls of remove curse
 r - a scroll of enchant armour
 u - 3 scrolls of amnesia
 v - 2 scrolls of magic mapping
Potions
 b - 2 potions of flight
 e - 5 potions of curing
 g - 2 potions of heal wounds
 h - a potion of berserk rage
 j - 4 potions of lignification
 o - a potion of magic
 q - 2 potions of mutation
 s - a potion of invisibility
 w - a potion of haste
 A - a potion of degeneration {unknown}
 F - a potion of brilliance {unknown}
Comestibles
 c - 23 rations


   Skills:
 - Level 1.1 Fighting
 - Level 1.7 Dodging
 * Level 12.0 Unarmed Combat
 - Level 3.0 Spellcasting
 + Level 8.6 Transmutations


You had one spell level left.
You knew the following spells:

 Your Spells              Type           Power        Failure   Level  Hunger
a - Beastly Appendage     Tmut           ####..       3%          1    None
b - Sticks to Snakes      Tmut           ####....     4%          2    ##.....
c - Spider Form           Tmut/Pois      ###.......   22%         3    ###....
d - Blade Hands           Tmut           ####......   30%         5    ######.
e - Gell's Gravitas       Tloc           #.........   65%         3    ###....

Your spell library contained the following spells:

 Spells                   Type           Power        Failure   Level  Hunger
 Ice Form                 Ice/Tmut       ###.....     50%         4    ####...
 Petrify                  Tmut/Erth      ###.....     50%         4    ####...
 Confusing Touch          Hex            #.......     65%         3    ###....
 Yara's Violent Unravell  Hex/Tmut       ###.......   80%         5    ######.
 Metabolic Englaciation   Hex/Ice        #.........   100%        5    ######.


Dungeon Overview and Level Annotations

Branches:
Dungeon (9/15)               Lair (0/6) D:8
 Temple: D:4-7          Orc: D:9-12

Altars:
Trog
Vehumet

Shops:
D:8 *


Innate Abilities, Weirdness & Mutations

((You can walk through water.))
((Your dull iron-grey scales are very hard. (AC +12)))
You cannot fit into any form of body armour.
((You can survive without breathing.))
((You are cold-blooded and may be slowed by cold attacks.))


Message History

The orc wizard hits you with a +0 dagger.
* * * LOW HITPOINT WARNING * * *
You bite the orc wizard!
You kill the orc wizard!
Something barely misses you. Something hits you.
* * * LOW HITPOINT WARNING * * *
Things that are here:
a +0 whip; 18 stones; a leopard gecko corpse
Okay, then.
As you read the scroll of teleportation, it crumbles to dust.
You feel strangely unstable. Something hits you!
* * * LOW HITPOINT WARNING * * *
Something hits you but does no damage.
Things that are here:
a +0 dagger; an orc corpse You bite something!
Something hits you.
* * * LOW HITPOINT WARNING * * *
You hit something but do no damage. Something hits you!
You die...

........#####....# ..
##.......# .....###..
.........####.....#.....
.#..>.....##..##........
...............#........
................†###....
..........#.............
##...................###
.........###..{s.......
.........#...).).......
#.............(.....<.
.....................
......$...........#
.............####
..............#
..............#
.....#.......


There were no monsters in sight!

Vanquished Creatures
  A troll (D:7)
  Prince Ribbit (D:5)
  4 hippogriffs
  Sigmund (D:3)
  Menkaure (D:5)
  Duvessa (D:5)
  An ice beast (D:5)
  3 sky beasts
  An orc warrior (D:7)
  A phantom (D:4)
  2 centaurs
  2 ogres
  Blork the orc (D:6)
  A big kobold (D:8)
  4 bullfrogs
  A wyvern zombie (D:8)
  A gnoll sergeant (D:6)
  Dowan (D:5)
  A howler monkey (D:5)
  A bullfrog zombie (D:8)
  A crimson imp (D:7)
  4 hounds
  A bullfrog skeleton (D:7)
  3 jellies (D:8)
  7 orc wizards
  An orc priest (D:6)
  A gnoll shaman (D:8)
  Jessica (D:2)
  4 iguanas
  Natasha (thrice) (D:3)
  7 worker ants
  A hound zombie (D:4)
  A hound skeleton (D:4)
  A howler monkey zombie (D:6)
  A worker ant zombie (D:5)
  8 gnolls
  11 adders
  2 adder skeletons
  An adder zombie (D:7)
  3 worms
  A dart slug (D:1)
  6 leopard geckos
  27 orcs
  7 giant cockroaches
  7 goblins
  3 hobgoblins
  16 jackals
  8 quokkas
  A ball python (D:1)
  7 bats
  9 frilled lizards
  14 kobolds
  3 quokka skeletons
  10 rats
211 creatures vanquished.

Vanquished Creatures (others)
  4 toadstools (D:1)
4 creatures vanquished.

Grand Total: 215 creatures vanquished

Notes
Turn   | Place    | Note
-------+----------+-------------------------------------------
     0 | D:1      | kae the Draconian Transmuter began the quest for the Orb.
     0 | D:1      | Reached XP level 1. HP: 16/16 MP: 3/3
   311 | D:1      | Reached XP level 2. HP: 9/23 MP: 1/5
   509 | D:1      | Learned a level 2 spell: Sticks to Snakes
  1094 | D:1      | Reached XP level 3. HP: 24/28 MP: 4/6
  1367 | D:2      | Noticed Jessica
  1870 | D:2      | Reached skill level 4 in Unarmed Combat
  2240 | D:2      | Reached XP level 4. HP: 34/35 MP: 5/7
  2250 | D:2      | Killed Jessica
  2484 | D:3      | Noticed Natasha
  2501 | D:3      | Killed Natasha
  2711 | D:3      | Reached XP level 5. HP: 36/40 MP: 9/9
  2978 | D:3      | Noticed Natasha
  3073 | D:3      | Learned a level 3 spell: Spider Form
  3078 | D:3      | Killed Natasha
  3078 | D:3      | Reached skill level 5 in Unarmed Combat
  3183 | D:3      | Noticed Sigmund
  3203 | D:3      | Killed Sigmund
  3203 | D:3      | Reached XP level 6. HP: 45/47 MP: 7/10
  3335 | D:3      | Noticed Natasha
  3359 | D:3      | Killed Natasha
  3516 | D:3      | Reached skill level 6 in Unarmed Combat
  4168 | D:4      | Found a radiant altar of Vehumet.
  4168 | D:4      | You fall into a shaft and drop 1 floor!
  4168 | D:5      | Entered Level 5 of the Dungeon
  4214 | D:5      | Noticed a sky beast
  4223 | D:5      | Your scales start taking on a dull iron-grey colour.
  4223 | D:5      | Reached XP level 7. HP: 50/52 MP: 7/11
  4223 | D:5      | Gained mutation: You can survive without breathing. [Grey
                  | Draconian growth]
  4418 | D:5      | Reached skill level 7 in Unarmed Combat
  4626 | D:5      | Reached skill level 5 in Transmutations
  5071 | D:4      | Reached skill level 8 in Unarmed Combat
  5071 | D:4      | Reached XP level 8. HP: 38/59 MP: 12/12
  5274 | D:4      | Learned a level 5 spell: Blade Hands
  5328 | D:5      | Noticed Prince Ribbit
  5495 | D:5      | Killed Prince Ribbit
  5631 | D:5      | Noticed Menkaure
  5641 | D:5      | Killed Menkaure
  5992 | D:5      | Noticed Duvessa
  5996 | D:5      | Noticed Dowan
  6008 | D:5      | Killed Duvessa
  6008 | D:5      | Reached skill level 9 in Unarmed Combat
  6012 | D:5      | Killed Dowan
  6830 | D:6      | Noticed Blork the orc
  6842 | D:6      | Killed Blork the orc
  7443 | D:6      | Reached XP level 9. HP: 64/64 MP: 11/13
  7577 | D:6      | Reached skill level 10 in Unarmed Combat
  8731 | D:7      | Reached skill level 11 in Unarmed Combat
  8847 | D:7      | Noticed a troll
  8858 | D:7      | Killed a troll
  9152 | D:8      | Found a staircase to the Lair.
  9629 | D:8      | Noticed a moth of wrath
  9632 | D:8      | Found a bloodstained altar of Trog.
  9679 | D:8      | Found Igasm's Assorted Antiques.
  9683 | D:8      | Bought a fuming puce potion for 26 gold pieces
  9683 | D:8      | Bought a scroll labeled VITEFY KYISA for 29 gold pieces
  9683 | D:8      | Bought a scroll of amnesia for 101 gold pieces
  9683 | D:8      | Bought a pair of glowing gloves for 217 gold pieces
  9867 | D:8      | Reached XP level 10. HP: 64/71 MP: 14/14
 10440 | D:9      | Learned a level 3 spell: Gell's Gravitas
 10484 | D:9      | Reached skill level 12 in Unarmed Combat
 10509 | D:9      | Slain by an unseen horror

Levels and vault maps discovered:
D:1:      ldierk_water_garden, layout_basic
D:2:      layout_loops_ring, serial_co_window_serial,
          co_window_of_opportunity_a, co_window_of_opportunity_a,
          co_window_paths_a, co_window_paths_b, co_window_paths_b,
          co_window_corner_b, co_window_cross_3, co_window_unsneaky_path_d,
          co_window_sun, co_window_4corner_a, glass_columns_a, glass_columns_a,
          glass_columns_a, glass_columns_a, glass_columns_a, uniq_jessica
D:3:      layout_basic, minmay_starry_boxes, uniq_sigmund, uniq_natasha
D:4:      layout_rooms, kennysheep_mini_moat, minmay_temple_entry_from_below_a,
          first_ration
D:5:      layout_layer_cave, uniq_menkaure, uniq_duvessa, uniq_prince_ribbit1
D:6:      layout_basic, kennysheep_generic_room_12, uniq_blork_the_orc
D:7:      layout_basic
D:8:      minmay_the_grid_square_5x5_3x3 [minmay_the_grid_square_5x5_inner_z,
          minmay_the_grid_square_5x5_beaten_path,
          minmay_the_grid_square_5x5_two, minmay_the_grid_square_5x5_hourglass,
          minmay_the_grid_square_5x5_megaprize_hollow,
          minmay_the_grid_square_5x5_hollow_slash,
          minmay_the_grid_square_5x5_three_small,
          minmay_the_grid_square_5x5_tri_point, minmay_the_grid_square_5x5_tie],
          layout_basic, serial_shops, shop, tgw_trog
D:9:      layout_cave_pools

Skill      XL: |  1  2  3  4  5  6  7  8  9 10 |
---------------+-------------------------------+-----
Unarmed Combat | 4 5 6 8 9 11 12 | 12.0
Transmutations | 3 4 5 6 8 |  8.6
Spellcasting   | 3 |  3.0
Fighting       | |  1.1
Dodging        | |  1.7

Action                   |  1- 3 |  4- 6 |  7- 9 | 10-12 || total
-------------------------+-------+-------+-------+-------++-------
Melee: Unarmed           |   164 |   195 |   406 |    37 ||   802
       Headbutt          |     4 |     9 |     5 |       ||    18
       Tailslap          |    11 |     5 |    15 |       ||    31
       Kick              |     3 |     3 |    22 |     1 ||    29
       Punch             |     2 |     2 |     4 |     1 ||     9
 Cast: Beastly Appendage |    17 |    19 |    19 |     2 ||    57
       Spider Form       |       |     7 |    30 |     3 ||    40
  Use: Scroll            |     4 |     7 |    10 |     1 ||    22
       Potion            |       |       |       |     1 ||     1
 Stab: Sleeping          |       |       |       |     2 ||     2
  Eat: Chunk             |     4 |     8 |    18 |     2 ||    32
       Ration            |       |       |     1 |       ||     1
Armor: Skin              |    63 |    54 |    81 |     9 ||   207
Dodge: Dodged            |   105 |   155 |   291 |    33 ||   584

Table legend:
 A = Non-vault XP
 B = Vault XP
 C = Vault XP percentage of total XP
 D = Non-vault monster count
 E = Vault monster count
 F = Vault count percentage of total count
                 A         B        C        D         E       F
            +---------+---------+-------+---------+---------+-------
      Total |    4494 |    1625 |  26.6 |     185 |      26 |  12.3
            +---------+---------+-------+---------+---------+-------
        D:1 |      43 |       0 |   0.0 |      23 |       0 |   0.0
        D:2 |      58 |      37 |  38.9 |      19 |       1 |   5.0
        D:3 |     183 |     297 |  61.9 |      27 |       7 |  20.6
        D:4 |     424 |       0 |   0.0 |      18 |       0 |   0.0
        D:5 |     650 |     659 |  50.3 |      19 |       4 |  17.4
        D:6 |     464 |     102 |  18.0 |      22 |       1 |   4.3
        D:7 |    1753 |       0 |   0.0 |      26 |       0 |   0.0
        D:8 |     382 |     530 |  58.1 |      18 |      13 |  41.9
        D:9 |     537 |       0 |   0.0 |      13 |       0 |   0.0
            +---------+---------+-------+---------+---------+-------
